 Dungeon Crawl Stone Soup version bcrawl-1.36.5b (webtiles) character file.

Game seed: 2463567371512889633

266380 Alphaeus the Timeless (level 9, -2/96 HPs)
             Began as an Ent Sloth Apostle on Aug 29, 2022.
             Was a High Priest of Cheibriados.
             Slain by a troll (12 damage)
             ... on level 7 of the Dungeon.
             The game lasted 00:13:48 (6467 turns).

Alphaeus the Timeless (Ent Sloth Apostle)           Turns: 6467, Time: 00:13:49

Health: -2/96      AC: 19    Str: 34    XL:     9   Next: 26%
Magic:  15/15      EV:  6    Int: 24    God:    Cheibriados [*****.]
Gold:   250        SH: 12    Dex: 20    Spells: 9/10 levels left

rFire    + . .     GDR:     38% l - +1 whip (pain)
rCold    . . .     SeeInvis .   b - +1 medium shield
rNeg     + + +     Gourm    .   (armour unavailable)
rPois    +         Faith    .   (helmet restricted)
rElec    +         Spirit   .   t - +2 cloak
rCorr    .         Reflect  .   (gloves unavailable)
MR       .....     Clarity  +   (boots unavailable)
Stlth    ++++......             (no amulet)
HPRegen  0.26/turn              o - ring of protection from fire
MPRegen  0.14/turn              r - ring of insulation

@: about to teleport, hasted, very slow
A: large, slow actions, passwall, strong branches, negative energy resistance 3,
poison resistance, slow metabolism 1, torment resistance, unbreathing, AC +16
a: Passwall, Bend Time, Defer, Temporal Distortion, Step From Time, Renounce
Religion


You were on level 7 of the Dungeon.
You worshipped Cheibriados.
Cheibriados was extremely pleased with you.
You were not hungry.

You visited 1 branch of the dungeon, and saw 7 of its levels.

You collected 454 gold pieces.
You spent 204 gold pieces at shops.

Inventory:

Hand Weapons
 l - a +1 whip of pain (weapon)
 u - a +3 dire flail
 x - a +0 giant spiked club
 A - a +4 morningstar
Missiles
 j - 68 poisoned tomahawks (quivered)
Armour
 b - a +1 medium shield (worn)
 t - a +2 cloak (worn)
Jewellery
 o - a ring of protection from fire (left hand)
 r - a ring of insulation (right hand)
 y - a cursed ring of flight
Wands
 c - a wand of paralysis (8)
 k - a wand of scattershot (6)
 z - a wand of random effects (10)
Scrolls
 d - 3 scrolls of teleportation
 f - 3 scrolls of amnesia
 h - 4 scrolls of enchant armour
 i - 2 scrolls of identify
 n - 2 scrolls of enchant weapon {unknown}
 p - a scroll of immolation {unknown}
 q - 4 scrolls of magic mapping {unknown}
 s - 3 scrolls of remove curse
Potions
 g - a potion of mutation {unknown}
 m - a potion of haste
 v - a potion of magic {unknown}
 w - a potion of berserk rage {unknown}
 C - a potion of agility {unknown}
Comestibles
 e - 5 rations {!d}
 B - a chunk of flesh


   Skills:
 + Level 6.0 Fighting
 + Level 6.4 Maces & Flails
 + Level 7.2 Stealth
 + Level 4.4 Shields
 - Level 1.2 Spellcasting
 - Level 2.0 Hexes
 * Level 8.5 Invocations
 - Level 0.8 Evocations


You had 9 spell levels left.
You knew the following spells:

 Your Spells              Type           Power        Failure   Level  Hunger
a - Slow                  Hex            ##......     26%         1    None

Your spell library contained the following spells:

 Spells                   Type           Power        Failure   Level  Hunger
 Flame Tongue             Conj/Fire      #....        52%         1    None
 Magic Dart               Conj           #...         52%         1    None
 Shock                    Conj/Air       #....        52%         1    None
 Ensorcelled Hibernation  Hex/Ice        #.....       52%         2    ###....
 Confuse                  Hex            ##......     58%         3    #####..
 Tukima's Dance           Hex            ##......     58%         3    #####..
 Blink                    Tloc           N/A          65%         2    ###....
 Call Imp                 Summ           #.....       65%         2    ###....
 Flaming Arrows           Chrm/Fire      #.......     65%         2    ###....
 Swiftness                Chrm/Air       #.......     65%         2    ###....
 Dazzling Orbs            Conj/Hex       #......      75%         3    #####..
 Inner Flame              Hex/Fire       N/A          75%         3    #####..
 Conjure Flame            Conj/Fire      #.......     87%         3    #####..
 Mephitic Cloud           Conj/Pois/Air  #.......     87%         3    #####..
 Recall                   Summ/Tloc      N/A          87%         3    #####..
 Static Discharge         Air            #.......     87%         3    #####..
 Cause Fear               Hex            ##........   94%         4    ######.
 Airstrike                Air            #.........   99%         4    ######.
 Sticky Flame             Conj/Fire      #.......     99%         4    ######.
 Fireball                 Conj/Fire      #.........   100%        5    #######
 Lightning Bolt           Conj/Air       #.........   100%        5    #######
 Summon Demon             Summ           #.........   100%        5    #######
 Summon Forest            Summ/Tloc      #.........   100%        5    #######
 Summon Mana Viper        Hex/Summ       #.......     100%        5    #######
 Aura of Abjuration       Summ           #.........   100%        6    #######
 Shadow Creatures         Summ           N/A          100%        7    #######
 Spider Form              Tmut/Pois      Unusable     N/A         3    N/A

Dungeon Overview and Level Annotations

Branches:
Dungeon (7/12)             Temple (0/1) D:4
   Lair: D:7-9

Altars:
Gozag
Hepliaklqana
Uskayaw
Xom
Zin

Shops:
D:4 (

Annotations:
D:5 1 runed door


Innate Abilities, Weirdness & Mutations

You move and act slowly.
You can pass through walls and trees.
Your branches can wield two-handed weapons with a shield.
Your thick bark is tough. (AC +16)
You are too large for most types of armour.
You are immune to negative energy. (rN+++)
Your system is resistant to poisons. (rPois)
You have a slow metabolism.
You are immune to unholy pain and torment.
You can survive without breathing.


Message History

You block the troll's attack. x2; The troll barely misses you.
The troll closely misses you. You block the troll's attack.
The troll claws you but does no damage. The troll bites you.
* * * LOW HITPOINT WARNING * * *
You block the troll's attack. The troll claws you.
* * * LOW HITPOINT WARNING * * *
Okay, then.
You feel better. The troll bites you!
* * * LOW HITPOINT WARNING * * *
You block the troll's attack. The troll claws you but does no damage.
As you read the scroll of fear, it crumbles to dust.
You assume a fearsome visage.
The troll looks frightened!
Things that are here:
a +0 giant club; an ogre skeleton
As you read the scroll of teleportation, it crumbles to dust.
You feel strangely unstable.
It was a potion of haste.
You feel yourself speed up.
Cheibriados forgives your accidental hurry, just this once.
The troll bites you!
You die...

#....>. .....#................
#...... #.#.#...............'
#..T...## #........(.........#
+.....#.######..................
#......#....###.................
#.....#.#...##...............#.#
..........)................##..#.
.#...............................
#.............T@..####..########
#...............#.# #.## #
...............(##.# #.# #
................##.# #
...............'..#
..............##.. .........###.
########## . .


You could see a troll.

Vanquished Creatures
  Eustachio (D:4)
  An ice beast (D:7)
  A phantom (D:6)
  3 sky beasts
  A necrophage (D:5)
  2 orc warriors
  5 ogres
  A bullfrog (D:7)
  A scorpion (D:7)
  A killer bee (D:4)
  5 wights (D:6)
  2 howler monkeys (D:7)
  An orc priest (D:4)
  4 crimson imps
  4 hounds
  A jelly (D:5)
  An orc wizard (D:4)
  An iguana (D:4)
  3 worker ants
  3 hound skeletons
  Robin (D:4)
  4 gnolls (D:7)
  8 adders
  4 oozes
  2 worms (D:5)
  A dart slug (D:1)
  5 leopard geckos
  15 orcs
  3 giant cockroaches
  8 hobgoblins
  12 jackals
  7 kobolds
  4 quokkas
  A ball python (D:3)
  7 bats
  4 frilled lizards
  5 goblins
  A quokka zombie (D:5)
  3 rats
137 creatures vanquished.

Vanquished Creatures (others)
  A plant (D:3)
1 creature vanquished.

Grand Total: 138 creatures vanquished

Notes
Turn   | Place    | Note
-------+----------+-------------------------------------------
     0 | D:1      | Alphaeus the Ent Sloth Apostle began the quest for the Orb.
     0 | D:1      | Reached XP level 1. HP: 22/22 MP: 2/2
   125 | D:1      | Reached XP level 2. HP: 29/30 MP: 3/3
   538 | D:1      | Reached skill level 1 in Invocations
   585 | D:1      | Reached * piety under Cheibriados
   746 | D:1      | Reached XP level 3. HP: 39/39 MP: 4/4
   924 | D:2      | Found a shimmering altar of Xom.
  1131 | D:2      | Reached ** piety under Cheibriados
  1198 | D:2      | Reached XP level 4. HP: 30/47 MP: 5/5
  1206 | D:2      | Reached skill level 2 in Invocations
  1904 | D:3      | Reached XP level 5. HP: 57/57 MP: 7/7
  2256 | D:3      | Reached skill level 3 in Invocations
  2435 | D:3      | Reached *** piety under Cheibriados
  2644 | D:4      | Noticed a sky beast
  2645 | D:4      | Noticed Eustachio
  2668 | D:4      | Killed a sky beast
  2669 | D:4      | Reached skill level 4 in Invocations
  2669 | D:4      | Reached XP level 6. HP: 44/65 MP: 7/9
  2706 | D:4      | Killed Eustachio
  2707 | D:4      | Reached skill level 5 in Stealth
  2749 | D:4      | Noticed an orc warrior
  2777 | D:4      | HP: 2/67 [orc warrior/+0 long sword (8)]
  2783 | D:4      | Killed an orc warrior
  2784 | D:4      | Reached XP level 7. HP: 5/75 MP: 10/10
  2981 | D:4      | Reached skill level 5 in Invocations
  3392 | D:4      | Found Zoeliant's Antique Weapon Shop.
  3404 | D:4      | Bought a shimmering war axe for 204 gold pieces
  3404 | D:4      | Identified the cursed +1 war axe of Dathess {vamp, rC- MR+
                  | Stlth+} (You bought it in a shop on level 4 of the Dungeon)
  3474 | D:4      | Found a staircase to the Ecumenical Temple.
  3581 | D:4      | Noticed Robin
  3593 | D:4      | Killed Robin
  4060 | D:5      | Entered Level 5 of the Dungeon
  4107 | D:5      | Reached skill level 6 in Invocations
  4145 | D:5      | Reached **** piety under Cheibriados
  4146 | D:5      | Reached XP level 8. HP: 71/85 MP: 12/12
  4335 | D:5      | Reached skill level 5 in Maces & Flails
  4476 | D:5      | Reached skill level 5 in Fighting
  4732 | D:5      | Reached skill level 7 in Invocations
  4808 | D:5      | Found a glowing silver altar of Zin.
  4808 | D:5      | Noticed an angel
  4816 | D:5      | Found a runed door.
  5138 | D:6      | Found a hide-covered altar of Uskayaw.
  5847 | D:7      | Found an opulent altar of Gozag.
  6010 | D:7      | Reached XP level 9. HP: 96/96 MP: 14/14
  6035 | D:7      | Reached skill level 8 in Invocations
  6169 | D:7      | Found a hazy altar of Hepliaklqana.
  6170 | D:7      | Found an opulent altar of Gozag.
  6264 | D:7      | Reached ***** piety under Cheibriados
  6432 | D:7      | Noticed a troll
  6457 | D:7      | HP: 4/96 [troll (10)]
  6467 | D:7      | Slain by a troll

Skill      XL: |  1  2  3  4  5  6  7  8  9 |
---------------+----------------------------+-----
Stealth        | 4 5 6 7 |  7.2
Invocations    | 1 2 4 6 7 8 |  8.5
Shields        | 2 3 4 |  4.4
Maces & Flails | 3 4 6 |  6.4
Fighting       | 3 4 5 6 |  6.0
Spellcasting   | |  1.2
Hexes          | |  2.0
Evocations     | |  0.8

Action                   |  1- 3 |  4- 6 |  7- 9 || total
-------------------------+-------+-------+-------++-------
Melee: Mace              |    41 |       |       ||    41
       Whip              |    91 |   196 |   455 ||   742
Evoke: Wand              |       |     2 |       ||     2
  Use: Scroll            |       |     2 |     9 ||    11
       Potion            |       |     4 |     2 ||     6
 Stab: Sleeping          |    12 |     4 |     9 ||    25
       Paralysed         |       |     2 |       ||     2
       Distracted        |       |       |     3 ||     3
  Eat: Chunk             |     5 |     5 |    16 ||    26
       Ration            |       |     1 |     1 ||     2
Armor: Skin              |   129 |   210 |   309 ||   648
Dodge: Dodged            |    66 |    79 |   134 ||   279
Block: Medium shield     |   103 |   162 |   356 ||   621
